 Dungeon Crawl Stone Soup version 0.19.1-1-g22dce08 (webtiles) character file.

29542 KingCrawl the Nimble (level 13, -4/98 HPs)
             Began as a Demonspawn Berserker on Jan 1, 2017.
             Was the Champion of Trog.
             Killed from afar by Josephine (21 damage)
             ... with a ghostly fireball
             ... on level 6 of the Lair of Beasts on Jan 2, 2017.
             The game lasted 01:26:37 (15260 turns).

KingCrawl the Nimble (Demonspawn Berserker)        Turns: 15260, Time: 01:26:37

Health: -4/98      AC: 12    Str: 24    XL:     13   Next: 15%
Magic:  0/0        EV: 20    Int: 13    God:    Trog [******]
Gold:   879        SH: 12    Dex: 19    Spells: 0 memorised, 12 levels left

rFire  + + .     SeeInvis +     s - +4 quick blade (antimagic)
rCold  . . .     Gourm    .     M - +0 ring mail of the Iron City of Dis {rPois MP-9 Str+7 SInv}
rNeg   . . .     Faith    .     X - +0 buckler
rPois  +         Spirit   .     y - +0 helmet "Wuasutt" {rF+ Int+5 Stlth+}
rElec  .         Reflect  .     q - +1 cloak
rCorr  .         Harm     +     R - +0 pair of gloves
MR     .....                    (boots unavailable)
Stlth  +++++.....               v - amulet of harm
                                z - ring of stealth
                                Q - +5 ring of slaying

@: exhausted, slowed, drained, very slow
A: talons 3, large bone plates 2, blurry vision 1, deterioration 1, fire
resistance 1, low mp 1, nightstalker 2, shaggy fur 1, subdued magic 1
a: Berserk, Trog's Hand, Brothers in Arms, Burn Spellbooks, Renounce Religion


You were on level 6 of the Lair of Beasts.
You worshipped Trog.
Trog was exalted by your worship.
You were near starving.

You visited 3 branches of the dungeon, and saw 17 of its levels.

You collected 939 gold pieces.
You spent 60 gold pieces at shops.

Inventory:

Hand Weapons
 e - a +2 dagger of electrocution
 s - a +4 antimagic quick blade (weapon)
 F - a +0 lajatang
 J - a +2 falchion of slicing
 Y - a +2 antimagic short sword
Armour
 q - a +1 cloak (worn)
 y - the +0 helmet "Wuasutt" (worn) {rF+ Int+5 Stlth+}
   (You took it off Robin on level 3 of the Dungeon)

   It affects your intelligence (+5).
   It protects you from fire.
   It makes you more stealthy.
 M - the +0 ring mail of the Iron City of Dis (worn) {rPois MP-9 Str+7 SInv}
   (You found it on level 4 of the Dungeon)

   It affects your strength (+7).
   It protects you from poison.
   It affects your magic capacity (-9).
   It lets you see invisible.
 R - a +0 pair of gloves (worn)
 X - a +0 buckler (worn)
Jewellery
 m - an uncursed amulet of regeneration {unknown}
 n - an uncursed ring of protection from cold
 v - an amulet of harm (around neck)
 z - a ring of stealth (right hand)
 B - an uncursed ring of positive energy
 C - an uncursed ring of fire
 E - an uncursed ring of see invisible
 H - an uncursed ring of protection from cold
 L - an uncursed ring of poison resistance
 Q - a +5 ring of slaying (left hand)
Wands
 h - a wand of lightning (10/15)
 x - a wand of polymorph (24/24)
 K - a wand of disintegration (12/24)
 P - a wand of iceblast (8/15)
 U - a wand of random effects (24/48)
Scrolls
 b - 3 scrolls of magic mapping
 g - 7 scrolls of remove curse
 j - 3 scrolls of fear
 k - 2 scrolls of enchant armour
 u - 3 scrolls of recharging
 w - a scroll of teleportation
 G - 10 scrolls of identify
 N - 2 scrolls of enchant weapon
Potions
 a - 2 potions of flight
 f - 2 potions of cure mutation
 o - 4 potions of lignification
 p - 3 potions of agility
 r - 3 potions of ambrosia
 O - 6 potions of curing
 V - 5 potions of brilliance
 W - 2 potions of invisibility
Books
 A - a book of Party Tricks

   Spells                             Type                      Level
   a - Summon Butterflies             Summoning                    1
   b - Apportation                    Translocation                1
   c - Lesser Beckoning               Translocation                3
   d - Tukima's Dance                 Hexes                        3
   e - Alistair's Intoxication        Transmutation/Poison         5
   f - Invisibility                   Hexes                        6
   Trog disapproves of the use of such an item.
Comestibles
 c - 9 bread rations
 i - 4 beef jerkies
 l - 9 meat rations
 t - a slice of pizza
 D - 9 fruits


   Skills:
 - Level 8.0(6.8) Fighting
 - Level 12.0(10.6) Short Blades
 - Level 8.0(6.8) Armour
 - Level 12.1(10.7) Dodging
 + Level 6.1(4.9) Shields


You had 12 spell levels left.
You didn't know any spells.

Dungeon Overview and Level Annotations

Branches:
Dungeon (10/15)            Temple (1/1) D:5            Lair (6/6) D:9
 Shoals (0/4) Lair:4       Spider (0/4) Lair:3
  Slime: Lair:5-6       Orc: D:9-12

Altars:
Ashenzari
Cheibriados
Dithmenos
Elyvilon
Fedhas
Gozag
Hepliaklqana
Kikubaaqudgha
Makhleb
Nemelex Xobeh
Okawaru
Qazlal
Ru
Sif Muna
Trog
Uskayaw
Vehumet
Xom
Yredelemnul
Zin
The Shining One

Shops:
D:10 *

Annotations:
Lair:6 Josephine


Innate Abilities, Weirdness & Mutations

You have claws for feet.
You are mostly covered in large bone plates. (SH +6)
You are significantly more attuned to the shadows.
Scrolls take you a little longer to read.
Your body sometimes deteriorates upon taking damage.
Your flesh is heat resistant. (rF+)
Your magical capacity is low. (-10% MP)
You are covered in fur. (AC +1)
Your spells are a little easier to cast, but a little less powerful.


Message History

Josephine is lightly wounded.
Josephine casts a spell at you.
The ghostly flame explodes!
The ghostly fireball engulfs you!
You feel drained.
* * * LOW HITPOINT WARNING * * *
The ghostly fireball engulfs Josephine.
Josephine completely resists.
You hear an angry hiss.
You hear an angry growl. x2; You hear an angry hiss.
You hear an angry growl.
You hear an angry buzzing noise.
You hear a trumpeting!
You hear a shout!
You hear a screech!
You hear a trumpeting!
You hear a bellow!
You hear an angry hiss.
Really read with blurry vision while enemies are nearby?
Okay, then.
Okay, then.
Your deep troll goes berserk!
You are near starving!
You block Josephine's attack.
Okay, then.
Your deep troll rages.
Josephine points at you and mumbles some strange words.
The ghostly flame explodes!
The ghostly fireball engulfs you!
You feel drained.
You die...

......W........
................
.......................
........................
............W.........[..
..........................
.....†!.......^.............
................T...........
..≈≈≈.....≈.P..@@...........
#≈≈≈#≈≈P##≈≈##≈≈≈#≈.........
#≈≈##≈≈≈#≈≈##≈≈≈#≈.....(..P
≈≈ ≈≈≈≈≈≈≈≈≈≈≈≈≈P≈...<.....
P≈≈≈≈≈≈≈≈≈≈≈≈≈≈.........
####≈≈#..........
≈≈P≈#..........
≈≈≈≈≈.........#
≈≈≈≈≈.$........


You could see Josephine, a wraith and a friendly deep troll (berserk).

Vanquished Creatures
  The ghost of Xerox the Bludgeoner, a journeyman OgBe of Trog (D:9)
  A hydra (Lair:2)
  The ghost of appiemonkey the Fighter, a novice MiFi of Okawaru (D:10)
  3 death yaks (Lair:5)
  Urug (D:10)
  Pikel (D:4)
  11 elephants
  4 black mambas
  Psyche (D:10)
  2 komodo dragons
  5 spiny frogs
  2 rime drakes
  The ghost of galech the Ruffian, an amateur TrMo of Okawaru (D:4)
  A troll (D:10)
  3 jumping spiders (Lair:3)
  Grinder (D:3)
  5 hippogriffs
  Sigmund (D:3)
  A wraith (Lair:6)
  A redback (Lair:3)
  3 wyverns
  6 basilisks
  41 yaks
  A hungry ghost (D:9)
  4 water moccasins
  4 porcupines
  Duvessa (D:4)
  2 orc warriors
  2 ice beasts
  A necrophage (D:9)
  A sky beast (D:10)
  3 ogres
  14 wolves
  8 centaurs
  11 crocodiles
  Blork the orc (D:4)
  11 bullfrogs
  Dowan (D:4)
  A wyvern skeleton (D:7)
  3 scorpions
  10 howler monkeys
  2 bullfrog zombies
  4 crimson imps
  2 quasits
  A jelly (D:9)
  4 orc priests
  10 orc wizards
  6 hounds
  Crazy Yiuf (D:5)
  3 iguanas
  5 worker ants
  A hound skeleton (D:4)
  Robin (D:3)
  10 adders
  8 gnolls
  A river rat (D:9)
  A shadow imp (D:7)
  An ooze (D:3)
  An adder zombie (D:8)
  3 worms
  An adder skeleton (D:5)
  A dart slug (D:1)
  4 leopard geckos
  38 orcs
  A ball python (D:4)
  18 bats
  6 giant cockroaches
  17 goblins
  13 hobgoblins
  11 jackals
  2 quokkas
  5 frilled lizards
  A jackal skeleton (D:4)
  6 kobolds
  A leopard gecko skeleton (D:4)
  14 rats
380 creatures vanquished.

Vanquished Creatures (others)
  A leopard gecko (D:4)
  4 fungi
  4 plants
9 creatures vanquished.

Grand Total: 389 creatures vanquished

Notes
Turn   | Place    | Note
-------+----------+-------------------------------------------
     0 | D:1      | KingCrawl the Demonspawn Berserker began the quest for the Orb.
     0 | D:1      | Reached XP level 1. HP: 18/18 MP: 1/1
   105 | D:1      | Gained mutation: You have sharp toenails. [demonic ancestry]
   105 | D:1      | Reached XP level 2. HP: 24/24 MP: 2/2
   701 | D:1      | Reached ** piety under Trog
   940 | D:1      | Reached XP level 3. HP: 23/29 MP: 3/3
  1490 | D:2      | Reached XP level 4. HP: 35/35 MP: 4/4
  1826 | D:3      | Noticed Grinder
  1828 | D:3      | Paralysed by Grinder for 3 turns
  1836 | D:3      | Killed Grinder
  1836 | D:3      | Reached skill level 5 in Short Blades
  1836 | D:3      | Gained mutation: You are slightly more attuned to the shadows. [demonic ancestry]
  1836 | D:3      | Reached XP level 5. HP: 32/41 MP: 5/5
  1836 | D:3      | Gained mutation: You are partially covered in large bone plates. (SH +4) [demonic ancestry]
  1836 | D:3      | Reached XP level 6. HP: 36/47 MP: 6/6
  1932 | D:3      | Noticed Robin
  1934 | D:3      | Reached *** piety under Trog
  1943 | D:3      | Killed Robin
  1980 | D:3      | Got a jewelled helmet
  1986 | D:3      | Identified the cursed +0 helmet "Wuasutt" {rF+ Int+5 Stlth+} (You took it off Robin on level 3 of the Dungeon)
  2070 | D:3      | Noticed Sigmund
  2092 | D:3      | Killed Sigmund
  2110 | D:3      | Found a faded altar of an unknown god.
  2163 | D:3      | Gained mutation: You have razor-sharp toenails. [demonic ancestry]
  2163 | D:3      | Reached XP level 7. HP: 42/52 MP: 7/7
  2712 | D:4      | You fall through a shaft for 3 floors!
  2801 | D:7      | Noticed a hippogriff
  2858 | D:6      | Reached **** piety under Trog
  2878 | D:5      | Entered Level 5 of the Dungeon
  3004 | D:4      | Noticed Duvessa
  3004 | D:4      | Noticed Dowan
  3012 | D:4      | Killed Duvessa
  3026 | D:4      | Killed Dowan
  3208 | D:4      | Noticed Pikel
  3224 | D:4      | Noticed galech's ghost (amateur TrMo)
  3241 | D:4      | Killed Pikel
  3241 | D:4      | Gained mutation: You are significantly more attuned to the shadows. [demonic ancestry]
  3241 | D:4      | Reached XP level 8. HP: 58/58 MP: 8/8
  3256 | D:4      | Killed galech's ghost
  3256 | D:4      | Reached skill level 10 in Short Blades
  3293 | D:4      | Got a steaming ring mail
  3313 | D:4      | Identified the cursed +0 ring mail of the Iron City of Dis {rPois MP-9 Str+7 SInv} (You found it on level 4 of the Dungeon)
  3465 | D:4      | Noticed Blork the orc
  3468 | D:4      | Killed Blork the orc
  3991 | D:5      | Found a staircase to the Ecumenical Temple.
  4018 | D:5      | Found a runed door.
  4022 | D:5      | Noticed Crazy Yiuf
  4026 | D:5      | Killed Crazy Yiuf
  4307 | D:5      | Reached skill level 5 in Armour
  4307 | D:5      | Reached XP level 9. HP: 63/63 MP: 0/9
  4512 | D:6      | Reached ***** piety under Trog
  5530 | D:7      | Reached skill level 5 in Fighting
  6326 | D:8      | Reached skill level 5 in Dodging
  7047 | D:9      | Gained mutation: You have claws for feet. [demonic ancestry]
  7047 | D:9      | Reached XP level 10. HP: 67/74 MP: 1/10
  7417 | D:9      | Found a staircase to the Lair.
  7916 | D:9      | Noticed Xerox's ghost (journeyman OgBe)
  7929 | D:9      | Killed Xerox's ghost
  7932 | D:9      | Got a scorched falchion
  8034 | D:9      | Identified the +7 falchion of Deformation {freeze, Fragile +Blink Str+3 Dex+4} (You found it on level 9 of the Dungeon)
  8054 | D:10     | Entered Level 10 of the Dungeon
  8063 | D:10     | Noticed appiemonkey's ghost (novice MiFi)
  8082 | D:10     | Killed appiemonkey's ghost
  8082 | D:10     | Reached XP level 11. HP: 45/84 MP: 2/11
  8113 | D:10     | Noticed Psyche
  8119 | D:10     | Killed Psyche
  8119 | D:10     | Reached ****** piety under Trog
  8129 | D:10     | Noticed Urug
  8140 | D:10     | Killed Urug
  8464 | D:10     | Gained mutation: Your flesh is heat resistant. (rF+) [mutagenic meat]
  8465 | D:10     | Gained mutation: You are weak. (Str -2) [mutagenic meat]
  8466 | D:10     | Lost mutation: You are weak. (Str -2) [mutagenic meat]
  8467 | D:10     | Gained mutation: Your body sometimes deteriorates upon taking damage. [mutagenic meat]
  8468 | D:10     | Gained mutation: You are covered in fur. (AC +1) [mutagenic meat]
  8469 | D:10     | Gained mutation: You are mostly covered in large bone plates. (SH +6) [mutagenic meat]
  8975 | D:10     | Found Niykeq's General Store.
  9035 | D:10     | Bought a potion of lignification for 36 gold pieces
  9035 | D:10     | Bought a scroll of identify for 24 gold pieces
  9338 | Temple   | Entered the Ecumenical Temple
  9664 | Temple   | Gained mutation: Scrolls take you a little longer to read. [potion of mutation]
  9664 | Temple   | Gained mutation: Your spells are a little easier to cast, but a little less powerful. [potion of mutation]
  9673 | Temple   | Gained mutation: You are resistant to hostile enchantments. (MR+) [potion of mutation]
  9673 | Temple   | Lost mutation: You are resistant to hostile enchantments. (MR+) [potion of mutation]
  9673 | Temple   | Gained mutation: Your magical capacity is low. (-10% MP) [potion of mutation]
  9793 | Lair:1   | Entered Level 1 of the Lair of Beasts
 10915 | Lair:2   | Reached skill level 10 in Dodging
 11152 | Lair:2   | Received a gift from Trog
 11595 | Lair:2   | Noticed a seven-headed hydra
 11604 | Lair:2   | Killed a seven-headed hydra
 11641 | Lair:2   | Reached XP level 12. HP: 90/91 MP: 0/10
 12542 | Lair:3   | Found a hole to the Spider Nest.
 12976 | Lair:4   | Found a staircase to the Shoals.
 13118 | Lair:4   | Reached skill level 1 in Shields
 13129 | Lair:4   | Received a gift from Trog
 14264 | Lair:5   | Noticed a death yak
 14264 | Lair:5   | Noticed a death yak
 14265 | Lair:5   | Noticed a death yak
 14277 | Lair:5   | Killed a death yak
 14284 | Lair:5   | Killed a death yak
 14289 | Lair:5   | Killed a death yak
 14289 | Lair:5   | Reached XP level 13. HP: 85/98 MP: 0/11
 14821 | Lair:6   | Entered Level 6 of the Lair of Beasts
 14852 | Lair:5   | Reached skill level 5 in Shields
 15248 | Lair:6   | Noticed Josephine
 15260 | Lair:6   | Killed from afar by Josephine

Skill      XL: |  1  2  3  4  5  6  7  8  9 10 11 12 13 |
---------------+----------------------------------------+-----
Short Blades   | 3 4 5 6 9 10 11 12 | 12.0
Armour         | 2 3 5 6 7 8 |  8.0
Dodging        | 6 8 10 12 | 12.1
Fighting       | 5 7 8 |  8.0
Shields        | 4 6 |  6.1

Action                   |  1- 3 |  4- 6 |  7- 9 | 10-12 | 13-15 || total
-------------------------+-------+-------+-------+-------+-------++-------
Melee: Short sword       |    10 |       |       |       |       ||    10
       Dagger            |   109 |   113 |   360 |   130 |       ||   712
       Kick              |     8 |       |       |   256 |    29 ||   293
       Falchion          |       |       |       |   113 |       ||   113
       Quick blade       |       |       |       |   249 |    58 ||   307
Invok: Berserk           |     2 |     4 |     5 |     6 |     2 ||    19
       Burn Spellbooks   |       |       |       |     1 |       ||     1
       Brothers in Arms  |       |       |       |       |     1 ||     1
  Use: Scroll            |       |       |    10 |     7 |       ||    17
       Potion            |       |       |       |    12 |     1 ||    13
 Stab: Sleeping          |       |     3 |    25 |    28 |     1 ||    57
       Distracted        |       |     1 |     2 |     1 |       ||     4
  Eat: Chunk             |     2 |     7 |    18 |    30 |     3 ||    60
       Pizza             |       |       |     1 |     1 |       ||     2
       Fruit             |       |       |       |     2 |     2 ||     4
       Beef jerky        |       |       |       |     1 |       ||     1
Armor: Animal skin       |    30 |    25 |       |       |       ||    55
       Ring mail         |       |    14 |    74 |    49 |     6 ||   143
Dodge: Dodged            |    67 |    69 |   118 |   189 |    21 ||   464
Block: Other             |       |    10 |    36 |    64 |       ||   110
       Buckler           |       |       |       |     6 |    17 ||    23
       Rpst.: Falchion   |       |       |       |    16 |       ||    16
